COLORADO vs BUFFALO

Created - February-26-21 at 21:03

Goals
1 2 3 OT1 SO T
COLORADO 0 1 2 0 0 3
BUFFALO 2 0 1 0 1 4
Shots
1 2 3 OT1 SO T
COLORADO 13 8 18 4 3 43
BUFFALO 7 3 1 5 2 16

1st period

1. BUFFALO , Drew Doughty 7 (Frank Vatrano 3, Roman Josi 22) at 1:21
2. BUFFALO , Carl Hagelin 6 (Alex Killorn 10, Marco Scandella 3) at 10:47

Penalties :
Brad Marchand (BUF) for Fighting (Major) at 1:03, David Krejci (COL) for Fighting (Major) at 1:03, Tuukka Rask (BUF) for Delaying the game (Minor) at 3:05 - Charlie Coyle served the penalty., Calvin de Haan (COL) for Hooking (Minor) at 8:26

2nd period

3. COLORADO , David Pastrnak 11 (Dylan Larkin 19, Brandon Carlo 7) at 9:51 (PP)

Penalties :
James van Riemsdyk (BUF) for Hooking (Minor) at 9:31

3rd period

4. COLORADO , Mikko Koivu 6 (William Karlsson 16, Artturi Lehkonen 12) at 7:02
5. BUFFALO , James van Riemsdyk 5 (Eric Staal 12) at 8:23 (PP)
6. COLORADO , Pavel Buchnevich 6 (Calvin de Haan 5) at 18:47

Penalties :
Artturi Lehkonen (COL) for Boarding (Minor) at 1:16, Calvin de Haan (COL) for Slashing (Minor) at 1:36, Artturi Lehkonen (COL) for Elbowing (Minor) at 7:25, Drew Doughty (BUF) for Tripping (Minor) at 10:00

Overtime #1

No Goal

Penalties :
No Penalty

Shootout

COLORADO, David Pastrnak - Shot Misses the Net
BUFFALO, Matt Duchene - Stopped by Carey Price
COLORADO, Dylan Larkin - Stopped by Tuukka Rask
BUFFALO, Charlie Coyle - Goal!
COLORADO, William Karlsson - Shot Misses the Net

Penalties :
No Penalty

Goalie Stats

Carey Price (COL), 13 saves from 16 shots - (0.813), OTL, 20-4-4, 65:00 minutes
Tuukka Rask (BUF), 40 saves from 43 shots - (0.930), W, 14-6-2, 65:00 minutes

Players Stats for COLORADO

Player Name              G  A  P  +/- PIM S  H  SB GA TA FO     MP     PP MP  PK MP  
------------------------------------------------------------------------------------
Artturi Lehkonen         0  1  1   1  4   2  4  0  0  0  2/2    22:26   1:22   0:47 
Brandon Carlo            0  1  1  -1  0   4  3  1  0  0  0/0    22:45   2:02   2:13 
Calvin de Haan           0  1  1   1  4   1  2  2  0  0  0/0    17:30   0:00   0:47 
Dan Girardi              0  0  0   0  0   0  0  0  0  0  0/0     0:00   0:00   0:00 
David Krejci             0  0  0   0  5   5  0  0  0  0  10/24  18:53   1:12   2:31 
David Pastrnak           1  0  1  -1  0   12 2  1  0  0  0/0    22:17   2:56   0:19 
Dylan Larkin             0  1  1  -1  0   6  3  0  0  0  16/26  22:58   2:56   0:40 
John Moore               0  0  0   0  0   0  1  1  0  0  0/0    17:19   0:00   2:07 
Jonas Brodin             0  0  0  -1  0   2  1  3  0  0  0/0    22:52   2:16   2:06 
Leo Komarov              0  0  0   0  0   0  1  0  0  0  0/1     8:14   0:00   0:00 
Mattias Janmark          0  0  0   0  0   1  1  0  0  0  0/0    13:45   0:00   0:00 
Mikko Koivu              1  0  1   1  0   2  2  0  0  0  0/4    17:39   1:22   1:18 
Nick Bjugstad            0  0  0   0  0   1  0  0  0  0  4/11    8:14   0:00   0:00 
Pavel Buchnevich         1  0  1  -1  0   4  0  0  0  0  0/1    19:18   2:56   0:00 
Ron Hainsey              0  0  0   1  0   1  0  1  0  0  0/0    25:01   2:32   3:03 
Urho Vaakanainen         0  0  0   0  0   2  0  0  0  0  0/0    18:19   0:34   0:15 
Warren Foegele           0  0  0   0  0   0  6  0  0  0  0/0    13:45   0:00   0:00 
William Karlsson         0  1  1   1  0   0  0  0  0  0  8/18   16:45   1:22   3:18 

Players Stats for BUFFALO

Player Name              G  A  P  +/- PIM S  H  SB GA TA FO     MP     PP MP  PK MP  
------------------------------------------------------------------------------------
Alex Killorn             0  1  1   1  0   1  1  1  0  0  1/1    11:41   0:00   0:00 
Brad Marchand            0  0  0   0  5   1  4  1  0  0  1/2    18:57   2:52   1:40 
Carl Hagelin             1  0  1   1  0   1  0  0  0  0  1/1    13:42   0:00   2:01 
Charlie Coyle            0  0  0   0  0   1  0  0  0  0  0/1    16:43   2:24   0:00 
Drew Doughty             1  0  1   0  2   1  2  1  0  0  0/0    27:00   3:25   1:15 
Eric Staal               0  1  1   0  0   2  1  0  0  0  17/29  20:22   2:24   0:45 
Frank Vatrano            0  1  1  -1  0   2  0  0  0  0  2/2     8:38   0:00   0:00 
James van Riemsdyk       1  0  1   0  2   1  0  0  0  0  0/0    17:30   2:24   0:00 
Jordan Staal             0  0  0   1  0   0  0  0  0  0  10/21  17:26   0:00   2:57 
Marco Scandella          0  1  1   0  0   1  0  2  0  0  0/0    16:47   0:00   0:00 
Matt Duchene             0  0  0   0  0   0  1  0  0  0  7/18   18:48   2:52   0:00 
Matt Grzelcyk            0  0  0   0  0   1  1  0  0  0  0/0    15:53   0:00   1:00 
Noah Hanifin             0  0  0   0  0   0  1  3  0  0  0/0    20:12   1:51   2:03 
Noel Acciari             0  0  0  -1  0   2  1  0  0  0  7/10   11:37   0:00   1:09 
Ondrej Kase              0  0  0  -1  0   0  0  0  0  0  0/0     8:30   0:00   0:00 
Phil Kessel              0  0  0   0  0   2  0  0  0  0  1/2    21:46   2:52   0:04 
Roman Josi               0  1  1   0  0   0  0  2  0  0  0/0    24:55   3:25   2:15 
Shea Theodore            0  0  0   0  0   0  0  4  0  0  0/0    20:12   1:51   2:03 

3 Stars

1 - Mikko Koivu (COL)
2 - Carl Hagelin (BUF)
3 - Tuukka Rask (BUF)

Power Play

COLORADO - 1 on 3 Attempt(s) - 33.33%
BUFFALO - 1 on 4 Attempt(s) - 25.00%

Penalty Kill

COLORADO - 3 on 4 Attempt(s) - 75.00% - Score 0 goal in Penalty Kill
BUFFALO - 2 on 3 Attempt(s) - 66.67% - Score 0 goal in Penalty Kill

Team Stat

COLORADO - Hits : 26 - Faceoff Wins : 40 - Blocked Shots : 9 - Penalty Minutes : 13
BUFFALO - Hits : 12 - Faceoff Wins : 47 - Blocked Shots : 14 - Penalty Minutes : 11

Official

Referees : Chris Lee and Dean Morton
Linesman : Stephen Drain and Shaun Morgan

Game Notes

Brad Marchand and David Krejci fight to a draw at 1:03 of 1st period

Finance

Level 1 -- Attendance: 6000 (100.00%) -- Ticket Income $480,000
Level 2 -- Attendance: 4839 (96.78%) -- Ticket Income $241,950
Level 3 -- Attendance: 1883 (94.15%) -- Ticket Income $52,724
Level 4 -- Attendance: 3776 (94.40%) -- Ticket Income $56,640
Luxury Box -- Attendance: 993 (99.30%) -- Ticket Income $158,880
Game was played at the KeyBank Center.
Total Attendance: 17491 (97.17%)
Total Ticket Income: $990,194
Total Income: $990,194

COLORADO

5 vs 5 Forward 
   Center                   Left Wing                Right Wing               Time % Phy DF OF 
 1 Dylan Larkin             David Pastrnak           Pavel Buchnevich         35     1   2  2  
 2 William Karlsson         Artturi Lehkonen         Mikko Koivu              30     1   2  2  
 3 David Krejci             Warren Foegele           Mattias Janmark          25     1   2  2  
 4 Nick Bjugstad            Leo Komarov              Artturi Lehkonen         10     1   2  2  

5 vs 5 Defense 
   Defense                  Defense                                           Time % Phy DF OF 
 1 Brandon Carlo            Jonas Brodin                                      35     1   2  2  
 2 Calvin de Haan           Ron Hainsey                                       30     1   2  2  
 3 Urho Vaakanainen         John Moore                                        25     1   2  2  
 4 Brandon Carlo            Jonas Brodin                                      10     1   2  2  

PowerPlay Forward 
   Center                   Left Wing                Right Wing               Time % Phy DF OF 
 1 Dylan Larkin             David Pastrnak           Pavel Buchnevich         60     1   2  2  
 2 William Karlsson         Artturi Lehkonen         Mikko Koivu              40     1   2  2  

PowerPlay Defense
   Defense                  Defense                                           Time % Phy DF OF 
 1 Brandon Carlo            Ron Hainsey                                       60     1   2  2  
 2 Jonas Brodin             David Krejci                                      40     1   2  2  

Penalty Kill 4 Players Forward 
   Center                   Wing                     Time % Phy DF OF 
 1 William Karlsson         David Krejci             60     1   2  2  
 2 Mikko Koivu              Artturi Lehkonen         40     1   2  2  

Penalty Kill 4 Players Defense
   Defense                  Defense                  Time % Phy DF OF 
 1 Calvin de Haan           Ron Hainsey              60     1   2  2  
 2 Jonas Brodin             Brandon Carlo            40     1   2  2  

Penalty Kill - 3 Players Forward 
   Forward                                           Time % Phy DF OF 
 1 William Karlsson                                  60     1   2  2  
 2 Dylan Larkin                                      40     1   2  2  

Penalty Kill - 3 Players Defense
   Defense                  Defense                  Time % Phy DF OF 
 1 Calvin de Haan           Ron Hainsey              60     1   2  2  
 2 Jonas Brodin             Brandon Carlo            40     1   2  2  

4 vs 4 Forward 
   Center                   Wing                     Time % Phy DF OF 
 1 David Pastrnak           Dylan Larkin             60     1   2  2  
 2 William Karlsson         David Krejci             40     1   2  2  

4 vs 4 Defense
   Defense                  Defense                  Time % Phy DF OF 
 1 Jonas Brodin             Brandon Carlo            60     1   2  2  
 2 Calvin de Haan           Ron Hainsey              40     1   2  2  

Last Minutes Offensive
   Center                   Left Wing                Right Wing               Defense                  Defense                  
   Dylan Larkin             David Pastrnak           Pavel Buchnevich         Brandon Carlo            Ron Hainsey              

Last Minutes Defensive
   Center                   Left Wing                Right Wing               Defense                  Defense                  
   Dylan Larkin             David Pastrnak           Pavel Buchnevich         Brandon Carlo            Ron Hainsey              

Goaltenders
Starting : Carey Price              
Backup : Linus Ullmark            

Extra Forwards
Normal : Dylan Larkin, David Pastrnak, David Krejci - PP : Dylan Larkin, David Pastrnak - PK : Mikko Koivu
Extra Defensemen
Normal : Brandon Carlo, Jonas Brodin, Calvin de Haan - PP : Brandon Carlo - PK : Calvin de Haan, John Moore
Penalty Shots
David Pastrnak, Dylan Larkin, William Karlsson, David Krejci, Pavel Buchnevich

Scratches
COL Cap Hit (Suspend)

BUFFALO

5 vs 5 Forward 
   Center                   Left Wing                Right Wing               Time % Phy DF OF 
 1 Matt Duchene             Brad Marchand            Phil Kessel              35     1   2  2  
 2 Eric Staal               James van Riemsdyk       Charlie Coyle            30     1   2  2  
 3 Jordan Staal             Alex Killorn             Carl Hagelin             25     1   2  2  
 4 Noel Acciari             Frank Vatrano            Ondrej Kase              10     1   2  2  

5 vs 5 Defense 
   Defense                  Defense                                           Time % Phy DF OF 
 1 Roman Josi               Drew Doughty                                      35     1   2  2  
 2 Noah Hanifin             Shea Theodore                                     30     1   2  2  
 3 Marco Scandella          Matt Grzelcyk                                     25     1   2  2  
 4 Roman Josi               Drew Doughty                                      10     1   2  2  

PowerPlay Forward 
   Center                   Left Wing                Right Wing               Time % Phy DF OF 
 1 Matt Duchene             Brad Marchand            Phil Kessel              60     1   2  2  
 2 Eric Staal               James van Riemsdyk       Charlie Coyle            40     1   2  2  

PowerPlay Defense
   Defense                  Defense                                           Time % Phy DF OF 
 1 Roman Josi               Drew Doughty                                      60     1   2  2  
 2 Noah Hanifin             Shea Theodore                                     40     1   2  2  

Penalty Kill 4 Players Forward 
   Center                   Wing                     Time % Phy DF OF 
 1 Jordan Staal             Brad Marchand            60     1   2  2  
 2 Noel Acciari             Carl Hagelin             40     1   2  2  

Penalty Kill 4 Players Defense
   Defense                  Defense                  Time % Phy DF OF 
 1 Roman Josi               Drew Doughty             60     1   2  2  
 2 Noah Hanifin             Shea Theodore            40     1   2  2  

Penalty Kill - 3 Players Forward 
   Forward                                           Time % Phy DF OF 
 1 Jordan Staal                                      60     1   2  2  
 2 Noel Acciari                                      40     1   2  2  

Penalty Kill - 3 Players Defense
   Defense                  Defense                  Time % Phy DF OF 
 1 Roman Josi               Drew Doughty             60     1   2  2  
 2 Noah Hanifin             Shea Theodore            40     1   2  2  

4 vs 4 Forward 
   Center                   Wing                     Time % Phy DF OF 
 1 Eric Staal               Brad Marchand            60     1   2  2  
 2 Jordan Staal             Alex Killorn             40     1   2  2  

4 vs 4 Defense
   Defense                  Defense                  Time % Phy DF OF 
 1 Roman Josi               Drew Doughty             60     1   2  2  
 2 Noah Hanifin             Shea Theodore            40     1   2  2  

Last Minutes Offensive
   Center                   Left Wing                Right Wing               Defense                  Defense                  
   Matt Duchene             Brad Marchand            Phil Kessel              Roman Josi               Drew Doughty             

Last Minutes Defensive
   Center                   Left Wing                Right Wing               Defense                  Defense                  
   Jordan Staal             Brad Marchand            Charlie Coyle            Roman Josi               Drew Doughty             

Goaltenders
Starting : Tuukka Rask              
Backup : Alex Stalock             

Extra Forwards
Normal : Jordan Staal, James van Riemsdyk, Carl Hagelin - PP : Jordan Staal, James van Riemsdyk - PK : Carl Hagelin
Extra Defensemen
Normal : Marco Scandella, Matt Grzelcyk, Noah Hanifin - PP : Marco Scandella - PK : Matt Grzelcyk, Noah Hanifin
Penalty Shots
Matt Duchene, Charlie Coyle, Ondrej Kase, Brad Marchand, James van Riemsdyk

Scratches
None


% Time on Ice - COLORADO

Lines # - Real PCT - Wanted PCT - Time Play
Normal Forward
1 - 32% - 35% - 16:22
2 - 24% - 30% - 12:05
3 - 27% - 25% - 13:45
4 - 16% - 10% - 8:14
Normal Defense
1 - 33% - 35% - 16:44
2 - 33% - 30% - 16:44
3 - 30% - 25% - 15:12
4 - 4% - 10% - 1:46
PP Forward
1 - 68% - 60% - 2:56
2 - 32% - 40% - 1:22
PP Defense
1 - 47% - 60% - 2:02
2 - 53% - 40% - 2:16
PK Forward
1 - 70% - 60% - 2:32
2 - 30% - 40% - 1:05
PK Defense
1 - 65% - 60% - 2:21
2 - 35% - 40% - 1:16
PK3 Forward
1 - 60% - 60% - 0:59
2 - 40% - 40% - 0:40
PK3 Defense
1 - 49% - 60% - 0:49
2 - 51% - 40% - 0:50
44 Forward
1 - 0% - 60%
2 - 0% - 40%
44 Defense
1 - 0% - 60%
2 - 0% - 40%
Last Minute Offensive  - 0:00
Last Minute Defensive  - 0:00
Total
Forward - 60:00
Defense - 60:00

% Time on Ice - BUFFALO

Lines # - Real PCT - Wanted PCT - Time Play
Normal Forward
1 - 32% - 35% - 15:56
2 - 28% - 30% - 14:19
3 - 23% - 25% - 11:41
4 - 17% - 10% - 8:30
Normal Defense
1 - 33% - 35% - 16:46
2 - 32% - 30% - 16:18
3 - 30% - 25% - 14:53
4 - 5% - 10% - 2:29
PP Forward
1 - 54% - 60% - 2:52
2 - 46% - 40% - 2:24
PP Defense
1 - 65% - 60% - 3:25
2 - 35% - 40% - 1:51
PK Forward
1 - 73% - 60% - 3:09
2 - 27% - 40% - 1:09
PK Defense
1 - 52% - 60% - 2:15
2 - 48% - 40% - 2:03
PK3 Forward
1 - 0% - 60%
2 - 0% - 40%
PK3 Defense
1 - 0% - 60%
2 - 0% - 40%
44 Forward
1 - 0% - 60%
2 - 0% - 40%
44 Defense
1 - 0% - 60%
2 - 0% - 40%
Last Minute Offensive  - 0:00
Last Minute Defensive  - 0:00
Total
Forward - 60:00
Defense - 60:00

Play-by-Play

1st period


0:01 of 1st period - Dylan Larkin wins face-off versus Matt Duchene in neutral zone.
0:12 of 1st period - Shot by Dylan Larkin.
0:12 of 1st period - Shot Misses the Net.
0:14 of 1st period - Shot by Pavel Buchnevich.
0:14 of 1st period - Stopped by Tuukka Rask without a rebound.
0:15 of 1st period - Eric Staal wins face-off versus William Karlsson in BUFFALO zone.
0:15 of 1st period - Eric Staal is hit by Artturi Lehkonen.
0:39 of 1st period - Shot by Ron Hainsey.
0:39 of 1st period - Shot Misses the Net.
0:47 of 1st period - Shot by Eric Staal.
0:47 of 1st period - Stopped by Carey Price without a rebound.
0:48 of 1st period - Jordan Staal wins face-off versus David Krejci in COLORADO zone.
0:48 of 1st period - Carl Hagelin is hit by John Moore and loses puck.
1:00 of 1st period - Icing by Urho Vaakanainen.
1:01 of 1st period - Matt Duchene wins face-off versus David Krejci in COLORADO zone.
1:03 of 1st period - Brad Marchand and David Krejci fight to a draw.
1:03 of 1st period - Penalty to Brad Marchand for Fighting.
1:03 of 1st period - Penalty to David Krejci for Fighting.
1:04 of 1st period - Noel Acciari wins face-off versus Dylan Larkin in COLORADO zone.
1:08 of 1st period - Ondrej Kase is hit by Jonas Brodin and loses puck.
1:19 of 1st period - Shot by Frank Vatrano.
1:19 of 1st period - Shot Blocked by Jonas Brodin.
1:21 of 1st period - Shot by Drew Doughty.
1:21 of 1st period - Goal by Drew Doughty - COLORADO : 0 - BUFFALO : 1.
1:22 of 1st period - Matt Duchene wins face-off versus Nick Bjugstad in neutral zone.
3:05 of 1st period - Shot by Dylan Larkin.
3:05 of 1st period - Stopped by Tuukka Rask without a rebound.
3:05 of 1st period - Minor Penalty to Tuukka Rask for Delaying the game.
3:06 of 1st period - Dylan Larkin wins face-off versus Jordan Staal in BUFFALO zone.
3:11 of 1st period - Shot by David Pastrnak.
3:11 of 1st period - Shot Misses the Net.
3:13 of 1st period - Shot by Brandon Carlo.
3:13 of 1st period - Stopped by Tuukka Rask without a rebound.
3:14 of 1st period - Jordan Staal wins face-off versus Dylan Larkin in BUFFALO zone.
3:43 of 1st period - Shot by Jonas Brodin.
3:43 of 1st period - Stopped by Tuukka Rask without a rebound.
3:44 of 1st period - William Karlsson wins face-off versus Noel Acciari in BUFFALO zone.
3:49 of 1st period - Shot by William Karlsson.
3:49 of 1st period - Shot Blocked by Roman Josi.
3:51 of 1st period - Shot by Brandon Carlo.
3:51 of 1st period - Stopped by Tuukka Rask with a rebound.
3:53 of 1st period - Shot by Brandon Carlo.
3:53 of 1st period - Stopped by Tuukka Rask without a rebound.
3:54 of 1st period - Jordan Staal wins face-off versus William Karlsson in BUFFALO zone.
3:54 of 1st period - Jordan Staal is hit by Artturi Lehkonen.
4:08 of 1st period - Shot by William Karlsson.
4:08 of 1st period - Shot Misses the Net.
4:10 of 1st period - Shot by Artturi Lehkonen.
4:10 of 1st period - Stopped by Tuukka Rask with a rebound.
4:12 of 1st period - Shot by William Karlsson.
4:12 of 1st period - Shot Hit the Post.
5:12 of 1st period - Shot by Matt Duchene.
5:12 of 1st period - Shot Blocked by Calvin de Haan.
5:26 of 1st period - Shot by Mattias Janmark.
5:26 of 1st period - Stopped by Tuukka Rask with a rebound.
5:52 of 1st period - Shot by Brandon Carlo.
5:52 of 1st period - Deflect By Artturi Lehkonen.
5:52 of 1st period - Stopped by Tuukka Rask without a rebound.
5:53 of 1st period - Dylan Larkin wins face-off versus Noel Acciari in BUFFALO zone.
6:06 of 1st period - Shot by Noel Acciari.
6:06 of 1st period - Stopped by Carey Price without a rebound.
6:07 of 1st period - Jordan Staal wins face-off versus Nick Bjugstad in COLORADO zone.
7:16 of 1st period - Shot by David Pastrnak.
7:16 of 1st period - Stopped by Tuukka Rask without a rebound.
7:17 of 1st period - Eric Staal wins face-off versus Dylan Larkin in BUFFALO zone.
7:30 of 1st period - Shot by Dylan Larkin.
7:30 of 1st period - Shot Misses the Net.
7:32 of 1st period - Shot by Pavel Buchnevich.
7:32 of 1st period - Shot Blocked by Marco Scandella.
7:34 of 1st period - Shot by Calvin de Haan.
7:34 of 1st period - Stopped by Tuukka Rask without a rebound.
7:35 of 1st period - Matt Duchene wins face-off versus David Krejci in BUFFALO zone.
8:06 of 1st period - Icing by Noah Hanifin.
8:07 of 1st period - Dylan Larkin wins face-off versus Matt Duchene in BUFFALO zone.
8:24 of 1st period - Calvin de Haan is hit by Brad Marchand and loses puck.
8:26 of 1st period - Minor Penalty to Calvin de Haan for Hooking.
8:27 of 1st period - William Karlsson wins face-off versus Eric Staal in COLORADO zone.
8:27 of 1st period - Jonas Brodin is hit by Eric Staal and loses puck.
9:21 of 1st period - Icing by Matt Duchene.
9:22 of 1st period - Matt Duchene wins face-off versus Mikko Koivu in BUFFALO zone.
10:47 of 1st period - Shot by Alex Killorn.
10:47 of 1st period - Deflect By Carl Hagelin.
10:47 of 1st period - Goal by Carl Hagelin - COLORADO : 0 - BUFFALO : 2.
10:48 of 1st period - Noel Acciari wins face-off versus Leo Komarov in neutral zone.
11:12 of 1st period - Shot by Leo Komarov.
11:12 of 1st period - Shot Blocked by Shea Theodore.
11:14 of 1st period - Shot by Artturi Lehkonen.
11:14 of 1st period - Shot Blocked by Noah Hanifin.
11:16 of 1st period - Shot by Artturi Lehkonen.
11:16 of 1st period - Shot Misses the Net.
11:30 of 1st period - Shot by Dylan Larkin.
11:30 of 1st period - Shot Misses the Net.
11:46 of 1st period - Shot by Dylan Larkin.
11:46 of 1st period - Shot Blocked by Shea Theodore.
11:48 of 1st period - Shot by David Pastrnak.
11:48 of 1st period - Shot Blocked by Noah Hanifin.
12:11 of 1st period - Icing by Jonas Brodin.
12:12 of 1st period - Eric Staal wins face-off versus David Krejci in COLORADO zone.
13:11 of 1st period - Shot by Alex Killorn.
13:11 of 1st period - Shot Misses the Net.
13:13 of 1st period - Shot by Matt Grzelcyk.
13:13 of 1st period - Stopped by Carey Price without a rebound.
13:14 of 1st period - Dylan Larkin wins face-off versus Matt Duchene in COLORADO zone.
13:44 of 1st period - Shot by Phil Kessel.
13:44 of 1st period - Stopped by Carey Price without a rebound.
13:45 of 1st period - William Karlsson wins face-off versus Jordan Staal in COLORADO zone.
16:38 of 1st period - Off-side.
16:39 of 1st period - Nick Bjugstad wins face-off versus Eric Staal in neutral zone.
16:45 of 1st period - Icing by Matt Grzelcyk.
16:46 of 1st period - William Karlsson wins face-off versus Eric Staal in BUFFALO zone.
16:52 of 1st period - Off-side.
16:53 of 1st period - Eric Staal wins face-off versus William Karlsson in neutral zone.
17:10 of 1st period - Shot by William Karlsson.
17:10 of 1st period - Shot Misses the Net.
17:21 of 1st period - Mikko Koivu is hit by Drew Doughty.
17:29 of 1st period - Shot by Artturi Lehkonen.
17:29 of 1st period - Shot Misses the Net.
17:48 of 1st period - Pavel Buchnevich is hit by Drew Doughty and loses puck.
18:11 of 1st period - Shot by Jordan Staal.
18:11 of 1st period - Deflect By Alex Killorn.
18:11 of 1st period - Shot Blocked by Ron Hainsey.
18:44 of 1st period - Shot by Mattias Janmark.
18:44 of 1st period - Shot Misses the Net.
19:00 of 1st period - Shot by Warren Foegele.
19:00 of 1st period - Shot Blocked by Alex Killorn.
19:02 of 1st period - Shot by David Krejci.
19:02 of 1st period - Stopped by Tuukka Rask without a rebound.
19:03 of 1st period - Artturi Lehkonen wins face-off versus Matt Duchene in BUFFALO zone.
19:20 of 1st period - Shot by Matt Duchene.
19:20 of 1st period - Deflect By Brad Marchand.
19:20 of 1st period - Stopped by Carey Price without a rebound.
19:21 of 1st period - Noel Acciari wins face-off versus Nick Bjugstad in COLORADO zone.
19:40 of 1st period - Icing by Noel Acciari.
19:41 of 1st period - Noel Acciari wins face-off versus David Krejci in BUFFALO zone.
19:56 of 1st period - Shot by David Krejci.
19:56 of 1st period - Stopped by Tuukka Rask with a rebound.
Goals for this period are 0 for COLORADO vs 2 for BUFFALO.
Shots for this period are 13 for COLORADO vs 7 for BUFFALO.

2nd period


0:01 of 2nd period - Eric Staal wins face-off versus William Karlsson in neutral zone.
0:03 of 2nd period - Drew Doughty is hit by Brandon Carlo and loses puck.
0:11 of 2nd period - Off-side.
0:12 of 2nd period - Dylan Larkin wins face-off versus Matt Duchene in neutral zone.
0:52 of 2nd period - Brad Marchand is hit by Calvin de Haan and loses puck.
1:19 of 2nd period - Shot by Charlie Coyle.
1:19 of 2nd period - Shot Misses the Net.
1:21 of 2nd period - Shot by Roman Josi.
1:21 of 2nd period - Shot Blocked by David Pastrnak.
1:23 of 2nd period - Shot by Charlie Coyle.
1:23 of 2nd period - Shot Misses the Net.
1:27 of 2nd period - Shot by James van Riemsdyk.
1:27 of 2nd period - Shot Misses the Net.
2:15 of 2nd period - Shot by Carl Hagelin.
2:15 of 2nd period - Shot Misses the Net.
2:17 of 2nd period - Shot by Alex Killorn.
2:17 of 2nd period - Shot Blocked by Brandon Carlo.
2:19 of 2nd period - Shot by Jordan Staal.
2:19 of 2nd period - Deflect By Carl Hagelin.
2:19 of 2nd period - Shot Blocked by Jonas Brodin.
2:21 of 2nd period - Shot by Alex Killorn.
2:21 of 2nd period - Stopped by Carey Price without a rebound.
2:22 of 2nd period - David Krejci wins face-off versus Noel Acciari in COLORADO zone.
2:44 of 2nd period - Shot by Frank Vatrano.
2:44 of 2nd period - Stopped by Carey Price without a rebound.
2:45 of 2nd period - Artturi Lehkonen wins face-off versus Phil Kessel in COLORADO zone.
3:00 of 2nd period - Icing by Drew Doughty.
3:01 of 2nd period - David Krejci wins face-off versus Matt Duchene in BUFFALO zone.
3:22 of 2nd period - Shot by Drew Doughty.
3:22 of 2nd period - Shot Misses the Net.
4:29 of 2nd period - Icing by John Moore.
4:30 of 2nd period - David Krejci wins face-off versus Jordan Staal in COLORADO zone.
5:49 of 2nd period - Shot by David Pastrnak.
5:49 of 2nd period - Shot Misses the Net.
5:51 of 2nd period - Shot by Calvin de Haan.
5:51 of 2nd period - Shot Blocked by Roman Josi.
5:59 of 2nd period - Shot by David Pastrnak.
5:59 of 2nd period - Deflect By Dylan Larkin.
5:59 of 2nd period - Shot Misses the Net.
6:03 of 2nd period - Shot by David Pastrnak.
6:03 of 2nd period - Stopped by Tuukka Rask without a rebound.
6:04 of 2nd period - Nick Bjugstad wins face-off versus Eric Staal in BUFFALO zone.
6:20 of 2nd period - Icing by Marco Scandella.
6:21 of 2nd period - Dylan Larkin wins face-off versus Eric Staal in BUFFALO zone.
6:28 of 2nd period - Eric Staal is hit by David Pastrnak and loses puck.
6:34 of 2nd period - Matt Grzelcyk is hit by Calvin de Haan and loses puck.
6:41 of 2nd period - Shot by Eric Staal.
6:41 of 2nd period - Deflect By Charlie Coyle.
6:41 of 2nd period - Stopped by Carey Price with a rebound.
6:43 of 2nd period - Shot by Charlie Coyle.
6:43 of 2nd period - Shot Blocked by Calvin de Haan.
8:09 of 2nd period - Shot by Noel Acciari.
8:09 of 2nd period - Deflect By Frank Vatrano.
8:09 of 2nd period - Shot Misses the Net.
8:11 of 2nd period - Shot by Noel Acciari.
8:11 of 2nd period - Shot Blocked by Jonas Brodin.
8:50 of 2nd period - Off-side.
8:51 of 2nd period - Eric Staal wins face-off versus David Krejci in neutral zone.
9:03 of 2nd period - Icing by David Krejci.
9:04 of 2nd period - Matt Duchene wins face-off versus David Krejci in COLORADO zone.
9:13 of 2nd period - Icing by Urho Vaakanainen.
9:14 of 2nd period - David Krejci wins face-off versus Charlie Coyle in COLORADO zone.
9:31 of 2nd period - Minor Penalty to James van Riemsdyk for Hooking.
9:32 of 2nd period - Dylan Larkin wins face-off versus Jordan Staal in BUFFALO zone.
9:37 of 2nd period - Shot by David Pastrnak.
9:37 of 2nd period - Shot Misses the Net.
9:39 of 2nd period - Shot by Ron Hainsey.
9:39 of 2nd period - Shot Misses the Net.
9:51 of 2nd period - Shot by David Pastrnak.
9:51 of 2nd period - Goal by David Pastrnak - COLORADO : 1 - BUFFALO : 2.
9:52 of 2nd period - Eric Staal wins face-off versus David Krejci in neutral zone.
10:07 of 2nd period - Shot by Charlie Coyle.
10:07 of 2nd period - Shot Blocked by John Moore.
10:13 of 2nd period - Marco Scandella is hit by Warren Foegele and loses puck.
10:25 of 2nd period - Charlie Coyle is hit by Warren Foegele.
11:02 of 2nd period - Drew Doughty is hit by Mikko Koivu and loses puck.
11:19 of 2nd period - Ron Hainsey is hit by Brad Marchand and loses puck.
11:46 of 2nd period - Shot by Dylan Larkin.
11:46 of 2nd period - Stopped by Tuukka Rask with a rebound.
11:53 of 2nd period - Off-side.
11:54 of 2nd period - Carl Hagelin wins face-off versus Dylan Larkin in neutral zone.
12:26 of 2nd period - Shot by David Pastrnak.
12:26 of 2nd period - Stopped by Tuukka Rask without a rebound.
12:27 of 2nd period - Eric Staal wins face-off versus Nick Bjugstad in BUFFALO zone.
13:01 of 2nd period - Shot by Nick Bjugstad.
13:01 of 2nd period - Stopped by Tuukka Rask without a rebound.
13:02 of 2nd period - Frank Vatrano wins face-off versus David Krejci in BUFFALO zone.
13:02 of 2nd period - Frank Vatrano is hit by Warren Foegele.
13:20 of 2nd period - Shea Theodore is hit by Warren Foegele and loses puck.
13:31 of 2nd period - Shot by David Krejci.
13:31 of 2nd period - Stopped by Tuukka Rask with a rebound.
14:10 of 2nd period - Shot by Dylan Larkin.
14:10 of 2nd period - Deflect By David Pastrnak.
14:10 of 2nd period - Stopped by Tuukka Rask without a rebound.
14:11 of 2nd period - William Karlsson wins face-off versus Matt Duchene in BUFFALO zone.
14:11 of 2nd period - Mikko Koivu is hit by Matt Grzelcyk and loses puck.
14:38 of 2nd period - Shot by Matt Duchene.
14:38 of 2nd period - Shot Misses the Net.
15:24 of 2nd period - Shot by David Pastrnak.
15:24 of 2nd period - Shot Misses the Net.
15:28 of 2nd period - Shot by David Pastrnak.
15:28 of 2nd period - Shot Blocked by Marco Scandella.
15:36 of 2nd period - Shot by Dylan Larkin.
15:36 of 2nd period - Deflect By David Pastrnak.
15:36 of 2nd period - Stopped by Tuukka Rask without a rebound.
15:37 of 2nd period - David Krejci wins face-off versus Eric Staal in BUFFALO zone.
16:41 of 2nd period - Icing by Jordan Staal.
16:42 of 2nd period - Jordan Staal wins face-off versus Dylan Larkin in BUFFALO zone.
17:49 of 2nd period - Mikko Koivu is hit by Noel Acciari and loses puck.
18:22 of 2nd period - Shot by Frank Vatrano.
18:22 of 2nd period - Shot Misses the Net.
18:38 of 2nd period - Icing by Calvin de Haan.
18:39 of 2nd period - Eric Staal wins face-off versus Mikko Koivu in COLORADO zone.
18:58 of 2nd period - James van Riemsdyk is hit by Artturi Lehkonen and loses puck.
Goals for this period are 1 for COLORADO vs 0 for BUFFALO.
Shots for this period are 8 for COLORADO vs 3 for BUFFALO.

3rd period


0:01 of 3rd period - Phil Kessel wins face-off versus Pavel Buchnevich in neutral zone.
0:12 of 3rd period - Shot by Dylan Larkin.
0:12 of 3rd period - Stopped by Tuukka Rask with a rebound.
0:14 of 3rd period - Shot by Jonas Brodin.
0:14 of 3rd period - Stopped by Tuukka Rask without a rebound.
0:15 of 3rd period - William Karlsson wins face-off versus Jordan Staal in BUFFALO zone.
0:20 of 3rd period - Shot by Mikko Koivu.
0:20 of 3rd period - Shot Misses the Net.
0:22 of 3rd period - Shot by Mikko Koivu.
0:22 of 3rd period - Stopped by Tuukka Rask without a rebound.
0:23 of 3rd period - Dylan Larkin wins face-off versus Brad Marchand in BUFFALO zone.
0:31 of 3rd period - Matt Duchene is hit by Brandon Carlo.
0:38 of 3rd period - Icing by Brandon Carlo.
0:39 of 3rd period - Dylan Larkin wins face-off versus Jordan Staal in COLORADO zone.
1:05 of 3rd period - Shot by Pavel Buchnevich.
1:05 of 3rd period - Stopped by Tuukka Rask without a rebound.
1:06 of 3rd period - Eric Staal wins face-off versus William Karlsson in BUFFALO zone.
1:06 of 3rd period - Roman Josi is hit by Artturi Lehkonen and loses puck.
1:16 of 3rd period - Minor Penalty to Artturi Lehkonen for Boarding.
1:17 of 3rd period - William Karlsson wins face-off versus Matt Duchene in COLORADO zone.
1:17 of 3rd period - William Karlsson is hit by Brad Marchand.
1:36 of 3rd period - Minor Penalty to Calvin de Haan for Slashing.
1:37 of 3rd period - Eric Staal wins face-off versus William Karlsson in COLORADO zone.
2:43 of 3rd period - Icing by Matt Duchene.
2:44 of 3rd period - Matt Duchene wins face-off versus William Karlsson in BUFFALO zone.
2:51 of 3rd period - Shot by Drew Doughty.
2:51 of 3rd period - Shot Misses the Net.
3:11 of 3rd period - Shot by Drew Doughty.
3:11 of 3rd period - Shot Misses the Net.
3:36 of 3rd period - Mikko Koivu is hit by Alex Killorn.
3:45 of 3rd period - Icing by Marco Scandella.
3:46 of 3rd period - Dylan Larkin wins face-off versus Jordan Staal in BUFFALO zone.
3:47 of 3rd period - Shot by David Pastrnak.
3:47 of 3rd period - Stopped by Tuukka Rask with a rebound.
3:49 of 3rd period - Shot by Pavel Buchnevich.
3:49 of 3rd period - Shot Misses the Net.
3:51 of 3rd period - Shot by John Moore.
3:51 of 3rd period - Shot Misses the Net.
3:53 of 3rd period - Shot by Urho Vaakanainen.
3:53 of 3rd period - Stopped by Tuukka Rask without a rebound.
3:54 of 3rd period - Dylan Larkin wins face-off versus Eric Staal in BUFFALO zone.
3:57 of 3rd period - Shot by Pavel Buchnevich.
3:57 of 3rd period - Stopped by Tuukka Rask without a rebound.
3:58 of 3rd period - Dylan Larkin wins face-off versus Eric Staal in BUFFALO zone.
3:59 of 3rd period - Shot by David Pastrnak.
3:59 of 3rd period - Stopped by Tuukka Rask with a rebound.
4:04 of 3rd period - Icing by Shea Theodore.
4:05 of 3rd period - Eric Staal wins face-off versus Dylan Larkin in BUFFALO zone.
4:05 of 3rd period - Eric Staal is hit by David Pastrnak.
4:08 of 3rd period - Icing by Noah Hanifin.
4:09 of 3rd period - Eric Staal wins face-off versus William Karlsson in BUFFALO zone.
5:44 of 3rd period - Shot by Brad Marchand.
5:44 of 3rd period - Shot Misses the Net.
6:13 of 3rd period - Shot by David Krejci.
6:13 of 3rd period - Stopped by Tuukka Rask with a rebound.
7:02 of 3rd period - Shot by Mikko Koivu.
7:02 of 3rd period - Goal by Mikko Koivu - COLORADO : 2 - BUFFALO : 2.
7:03 of 3rd period - Noel Acciari wins face-off versus Nick Bjugstad in neutral zone.
7:25 of 3rd period - Minor Penalty to Artturi Lehkonen for Elbowing.
7:26 of 3rd period - Brad Marchand wins face-off versus William Karlsson in COLORADO zone.
7:49 of 3rd period - Shot by Matt Duchene.
7:49 of 3rd period - Shot Misses the Net.
8:23 of 3rd period - Shot by James van Riemsdyk.
8:23 of 3rd period - Goal by James van Riemsdyk - COLORADO : 2 - BUFFALO : 3.
8:24 of 3rd period - Nick Bjugstad wins face-off versus Jordan Staal in neutral zone.
9:29 of 3rd period - Shot by Dylan Larkin.
9:29 of 3rd period - Stopped by Tuukka Rask with a rebound.
9:31 of 3rd period - Shot by David Pastrnak.
9:31 of 3rd period - Stopped by Tuukka Rask without a rebound.
9:32 of 3rd period - Matt Duchene wins face-off versus David Krejci in BUFFALO zone.
9:32 of 3rd period - Matt Duchene is hit by Warren Foegele.
9:47 of 3rd period - Brad Marchand is hit by Brandon Carlo and loses puck.
9:54 of 3rd period - Brad Marchand is hit by Mattias Janmark and loses puck.
10:00 of 3rd period - Minor Penalty to Drew Doughty for Tripping.
10:01 of 3rd period - Jordan Staal wins face-off versus Dylan Larkin in BUFFALO zone.
10:11 of 3rd period - Shot by Dylan Larkin.
10:11 of 3rd period - Shot Misses the Net.
10:13 of 3rd period - Shot by Brandon Carlo.
10:13 of 3rd period - Shot Blocked by Shea Theodore.
10:15 of 3rd period - Shot by Pavel Buchnevich.
10:15 of 3rd period - Deflect By David Pastrnak.
10:15 of 3rd period - Shot Misses the Net.
10:17 of 3rd period - Shot by Pavel Buchnevich.
10:17 of 3rd period - Shot Misses the Net.
10:19 of 3rd period - Shot by Ron Hainsey.
10:19 of 3rd period - Stopped by Tuukka Rask with a rebound.
10:21 of 3rd period - Shot by Brandon Carlo.
10:21 of 3rd period - Shot Blocked by Noah Hanifin.
10:25 of 3rd period - Shot by Pavel Buchnevich.
10:25 of 3rd period - Shot Blocked by Brad Marchand.
10:27 of 3rd period - Shot by Ron Hainsey.
10:27 of 3rd period - Shot Blocked by Shea Theodore.
10:29 of 3rd period - Shot by David Pastrnak.
10:29 of 3rd period - Deflect By Dylan Larkin.
10:29 of 3rd period - Stopped by Tuukka Rask with a rebound.
10:31 of 3rd period - Shot by Brandon Carlo.
10:31 of 3rd period - Stopped by Tuukka Rask without a rebound.
10:32 of 3rd period - Noel Acciari wins face-off versus William Karlsson in BUFFALO zone.
10:32 of 3rd period - Noel Acciari is hit by Mikko Koivu.
10:50 of 3rd period - Shot by David Krejci.
10:50 of 3rd period - Stopped by Tuukka Rask without a rebound.
10:51 of 3rd period - Jordan Staal wins face-off versus Dylan Larkin in BUFFALO zone.
10:51 of 3rd period - Jordan Staal is hit by Dylan Larkin.
12:33 of 3rd period - Artturi Lehkonen is hit by Noah Hanifin and loses puck.
13:11 of 3rd period - Icing by Urho Vaakanainen.
13:12 of 3rd period - Nick Bjugstad wins face-off versus Matt Duchene in COLORADO zone.
13:17 of 3rd period - Matt Grzelcyk is hit by Leo Komarov and loses puck.
13:26 of 3rd period - Leo Komarov is hit by Matt Duchene and loses puck.
13:46 of 3rd period - Off-side.
13:47 of 3rd period - Noel Acciari wins face-off versus Dylan Larkin in neutral zone.
13:47 of 3rd period - Noel Acciari is hit by Dylan Larkin.
14:33 of 3rd period - Off-side.
14:34 of 3rd period - David Krejci wins face-off versus Eric Staal in neutral zone.
14:37 of 3rd period - Charlie Coyle is hit by Warren Foegele and loses puck.
15:39 of 3rd period - Off-side.
15:40 of 3rd period - William Karlsson wins face-off versus Matt Duchene in neutral zone.
16:02 of 3rd period - Shot by William Karlsson.
16:02 of 3rd period - Shot Blocked by Drew Doughty.
16:04 of 3rd period - Shot by Urho Vaakanainen.
16:04 of 3rd period - Stopped by Tuukka Rask without a rebound.
16:05 of 3rd period - Dylan Larkin wins face-off versus Jordan Staal in BUFFALO zone.
16:28 of 3rd period - Matt Grzelcyk is hit by Dylan Larkin and loses puck.
16:35 of 3rd period - Shot by Dylan Larkin.
16:35 of 3rd period - Shot Misses the Net.
17:17 of 3rd period - Shot by Mattias Janmark.
17:17 of 3rd period - Shot Misses the Net.
17:45 of 3rd period - Urho Vaakanainen is hit by Brad Marchand and loses puck.
18:47 of 3rd period - Shot by Pavel Buchnevich.
18:47 of 3rd period - Goal by Pavel Buchnevich - COLORADO : 3 - BUFFALO : 3.
18:48 of 3rd period - Alex Killorn wins face-off versus Nick Bjugstad in neutral zone.
18:59 of 3rd period - Icing by Brandon Carlo.
19:00 of 3rd period - Frank Vatrano wins face-off versus Nick Bjugstad in COLORADO zone.
19:33 of 3rd period - Icing by David Krejci.
19:34 of 3rd period - David Krejci wins face-off versus Matt Duchene in COLORADO zone.
19:53 of 3rd period - Off-side.
19:54 of 3rd period - Dylan Larkin wins face-off versus Jordan Staal in neutral zone.
19:58 of 3rd period - Off-side.
19:59 of 3rd period - Jordan Staal wins face-off versus Dylan Larkin in neutral zone.
Goals for this period are 2 for COLORADO vs 1 for BUFFALO.
Shots for this period are 18 for COLORADO vs 1 for BUFFALO.

Overtime #1


0:01 of 1st overtime period - Eric Staal wins face-off versus David Krejci in neutral zone.
0:15 of 1st overtime period - Shot by Phil Kessel.
0:15 of 1st overtime period - Shot Misses the Net.
0:21 of 1st overtime period - Shot by Phil Kessel.
0:21 of 1st overtime period - Stopped by Carey Price without a rebound.
0:22 of 1st overtime period - David Krejci wins face-off versus Eric Staal in COLORADO zone.
0:29 of 1st overtime period - Shot by David Pastrnak.
0:29 of 1st overtime period - Shot Misses the Net.
0:33 of 1st overtime period - Shot by David Pastrnak.
0:33 of 1st overtime period - Shot Misses the Net.
0:35 of 1st overtime period - Shot by David Krejci.
0:35 of 1st overtime period - Shot Misses the Net.
0:53 of 1st overtime period - Shot by David Pastrnak.
0:53 of 1st overtime period - Stopped by Tuukka Rask without a rebound.
0:54 of 1st overtime period - David Krejci wins face-off versus Eric Staal in BUFFALO zone.
0:57 of 1st overtime period - Shot by David Pastrnak.
0:57 of 1st overtime period - Stopped by Tuukka Rask without a rebound.
0:58 of 1st overtime period - Eric Staal wins face-off versus David Krejci in BUFFALO zone.
1:17 of 1st overtime period - Shot by David Pastrnak.
1:17 of 1st overtime period - Stopped by Tuukka Rask without a rebound.
1:18 of 1st overtime period - Jordan Staal wins face-off versus Mikko Koivu in BUFFALO zone.
2:16 of 1st overtime period - Shot by Eric Staal.
2:16 of 1st overtime period - Shot Misses the Net.
2:18 of 1st overtime period - Shot by Phil Kessel.
2:18 of 1st overtime period - Deflect By Eric Staal.
2:18 of 1st overtime period - Shot Misses the Net.
2:20 of 1st overtime period - Shot by Marco Scandella.
2:20 of 1st overtime period - Stopped by Carey Price without a rebound.
2:21 of 1st overtime period - Eric Staal wins face-off versus David Krejci in COLORADO zone.
2:48 of 1st overtime period - Shot by Eric Staal.
2:48 of 1st overtime period - Stopped by Carey Price without a rebound.
2:49 of 1st overtime period - Dylan Larkin wins face-off versus Jordan Staal in COLORADO zone.
3:04 of 1st overtime period - Shot by Dylan Larkin.
3:04 of 1st overtime period - Stopped by Tuukka Rask without a rebound.
3:05 of 1st overtime period - Jordan Staal wins face-off versus David Krejci in BUFFALO zone.
3:14 of 1st overtime period - Shot by Noel Acciari.
3:14 of 1st overtime period - Shot Misses the Net.
3:32 of 1st overtime period - Shot by Noel Acciari.
3:32 of 1st overtime period - Stopped by Carey Price without a rebound.
3:33 of 1st overtime period - Eric Staal wins face-off versus Mikko Koivu in COLORADO zone.
4:47 of 1st overtime period - Shot by Brad Marchand.
4:47 of 1st overtime period - Deflect By Frank Vatrano.
4:47 of 1st overtime period - Stopped by Carey Price without a rebound.
4:48 of 1st overtime period - David Krejci wins face-off versus Eric Staal in COLORADO zone.
Goals for this period are 0 for COLORADO vs 0 for BUFFALO.
Shots for this period are 4 for COLORADO vs 5 for BUFFALO.

ShootOut


5:00 of 1st overtime period - Round #1.
5:00 of 1st overtime period - COLORADO, David Pastrnak.
5:00 of 1st overtime period - Shot Misses the Net.
5:00 of 1st overtime period - BUFFALO, Matt Duchene.
5:00 of 1st overtime period - Stopped by Carey Price.
5:00 of 1st overtime period - Round #2.
5:00 of 1st overtime period - COLORADO, Dylan Larkin.
5:00 of 1st overtime period - Stopped by Tuukka Rask.
5:00 of 1st overtime period - BUFFALO, Charlie Coyle.
5:00 of 1st overtime period - Goal by Charlie Coyle.
5:00 of 1st overtime period - Round #3.
5:00 of 1st overtime period - COLORADO, William Karlsson.
5:00 of 1st overtime period - Shot Misses the Net.